 Dungeon Crawl Stone Soup version 0.30-a0-359-gd0147acb1a (webtiles) character file.

Game seed: 3126336421002109552

21337 sleeves the Basher (level 12, -5/96 HPs)
             Began as a Demonspawn Artificer on Nov 11, 2022.
             Was a High Priest of Okawaru.
             Succumbed to a black mamba's poison
             ... on level 1 of the Lair of Beasts.
             The game lasted 00:21:59 (18017 turns).

sleeves the Basher (Demonspawn Artificer)          Turns: 18017, Time: 00:22:00

Health: -5/96      AC: 13    Str: 17    XL:     12   Next: 53%
Magic:  19/19      EV: 10    Int: 13    God:    Okawaru [*****.]
Gold:   921        SH:  0    Dex: 20    Spells: 11/11 levels left

rFire   + . .      SeeInvis .    v - +4 morningstar
rCold   . . .      Faith    .    (no shield)
rNeg    . . .      Spirit   .    b - +0 scale mail
rPois   .          Reflect  .    (helmet restricted)
rElec   .          Harm     .    O - +0 cloak
rCorr   .          Rampage  .    x - +2 pair of gloves
Will    .....                    (no boots)
Stlth   +.........               (no amulet)
HPRegen 0.36/turn                u - ring of protection from fire
MPRegen 0.16/turn                m - +6 ring of dexterity

@: lethally poisoned (-5 -> -38)
A: horns 2, (demonic guardian 3), demonic magic 2
a: Renounce Religion, Heroism, Finesse, Duel


You were on level 1 of the Lair of Beasts.
You worshipped Okawaru.
Okawaru was extremely pleased with you.
You visited 3 branches of the dungeon, and saw 15 of its levels.

You collected 966 gold pieces.
You spent 45 gold pieces at shops.

Inventory:

Hand Weapons
 d - a +2 vorpal morningstar {god gift}
   (Okawaru gifted it to you on level 11 of the Dungeon)
 o - a -2 demon whip of venom
   (You took it off Amaemon on level 9 of the Dungeon)
 v - a +4 morningstar (weapon)
   (You took it off a gargoyle on level 12 of the Dungeon)
 E - a +0 scimitar of flaming
   (You took it off Erica on level 8 of the Dungeon)
Missiles
 w - 38 poisoned darts (quivered)
 A - a curare-tipped dart
Armour
 b - a +0 scale mail (worn)
   (You found it on level 5 of the Dungeon)
 p - a +0 buckler
   (You found it on level 1 of the Dungeon)
 x - a +2 pair of gloves (worn)
   (You found it on level 4 of the Dungeon)
 O - a +0 cloak (worn)
   (You found it on level 7 of the Dungeon)
 V - a +0 kite shield
   (You took it off a gnoll sergeant on level 10 of the Dungeon)
Jewellery
 m - a +6 ring of dexterity (right hand)
   (You found it on level 7 of the Dungeon)
 u - a ring of protection from fire (left hand)
   (You found it on level 3 of the Dungeon)
 y - an amulet of faith
   (You found it on level 4 of the Dungeon)
 C - a ring of protection from cold
   (You took it off an orc on level 12 of the Dungeon)
 H - a ring of protection from cold
   (You found it on level 5 of the Dungeon)
 L - a ring of wizardry
   (You found it on level 6 of the Dungeon)
 Q - a ring of protection from cold
   (You found it on level 8 of the Dungeon)
Wands
 c - a wand of flame (40)
 e - a wand of iceblast (23)
 z - a wand of polymorph (4)
   (You took it off an orc on level 12 of the Dungeon)
 J - a wand of acid (20)
   (You found it on level 6 of the Dungeon)
 U - a wand of paralysis (3)
   (You found it on level 10 of the Dungeon)
Scrolls
 f - 2 scrolls of immolation {unknown}
 j - 4 scrolls of teleportation
 k - 3 scrolls of identify
 l - 3 scrolls of brand weapon {unknown}
 q - 2 scrolls of silence
 r - 4 scrolls of fog
 t - 2 scrolls of magic mapping {unknown}
 B - a scroll of blinking {unknown}
 I - 5 scrolls of poison
 K - a scroll of torment
 P - a scroll of fear {unknown}
 T - 2 scrolls of enchant armour {unknown}
Potions
 a - 2 potions of magic {unknown}
 g - 4 potions of lignification {unknown}
 h - 4 potions of degeneration {unknown}
 i - 5 potions of flight
 n - 5 potions of heal wounds
 s - a potion of resistance {unknown}
 D - a potion of curing
 F - a potion of cancellation {unknown}
 G - a potion of invisibility {unknown}
 M - 2 potions of might {unknown}
 S - 2 potions of haste {unknown}
 W - a potion of mutation {unknown}
 X - a potion of attraction {unknown}


   Skills:
 + Level 9.5 Fighting
 + Level 13.3 Maces & Flails
 + Level 8.9 Armour
 - Level 0.8 Dodging
 - Level 0.8 Stealth
 - Level 10.0 Invocations
 - Level 3.0 Evocations


You had 11 spell levels left.
You didn't know any spells.
Your spell library contained the following spells:

 Spells                   Type           Power      Damage    Failure   Level
 Apportation              Tloc           0%         N/A       65%         1
 Freeze                   Ice            0%         1d3       65%         1
 Ensorcelled Hibernation  Hex/Ice        0%         N/A       78%         2
 Frozen Ramparts          Ice            0%         1d1       95%         3
 Hailstorm                Conj/Ice       0%         3d3       95%         3
 Ignite Poison            Fire/Tmut/Pois 0%         N/A       95%         3
 Kindle Blastsparks       Fire/Tloc/Air  0%         2d10      95%         3
 Spider Form              Tmut/Pois      0%         N/A       95%         3
 Anguish                  Hex/Necr       0%         N/A       100%        4
 Alistair's Intoxication  Tmut/Pois      0%         N/A       100%        5
 Freezing Cloud           Conj/Ice/Air   0%         6-21      100%        5
 Iskenderun's Battlesphe  Conj           0%         2d6       100%        5
 Iron Shot                Conj/Erth      0%         9d1       100%        6
 Spellforged Servitor     Conj/Summ      Unusable   N/A       N/A         7

Dungeon Overview and Level Annotations

Branches:
Dungeon (13/15)            Temple (1/1) D:7            Lair (1/5) D:9
    Orc (0/2) D:12
 Vaults: D:13-14

Altars:
Ashenzari
Cheibriados
Dithmenos
Fedhas
Gozag
Hepliaklqana
Kikubaaqudgha
Makhleb
Nemelex Xobeh
Okawaru
Qazlal
Ru
Sif Muna
Trog
Uskayaw
Vehumet
Wu Jian
Xom
Yredelemnul

Shops:
D:1 =   D:3 :*(:   D:4 (   D:11 [:=*

Annotations:
D:2 1 runed translucent door, Crazy Yiuf
D:13 Erolcha
Lair:1 exclusion: oklob plant


Innate Abilities, Weirdness & Mutations

You have a pair of horns on your head.
((A powerful demonic guardian rushes to your aid.))
Spells you cast may paralyse nearby enemies.


Message History

A green ugly thing is nearby!
A green ugly thing is nearby!
A green ugly thing is nearby!
There is a fountain of clear blue water here.
You see here the +4 flail of Awkwardness {vorpal, +Blink rCorr Int+6}.
You see here a howler monkey corpse.
The green ugly thing attacks as you move away!
The green ugly thing bites you!
You are poisoned.
The green ugly thing poisons you!
You feel extremely sick.
You are too injured to fight recklessly!
You are too injured to fight recklessly!
You are too injured to fight recklessly!
You are too injured to fight recklessly!
You are too injured to fight recklessly!
You are too injured to fight recklessly!
You are too injured to fight recklessly!
You puncture the green ugly thing!
The green ugly thing is lightly wounded.
You feel very sick.
The green ugly thing bites you but does no damage.
You hit the green ugly thing.
The green ugly thing is moderately wounded.
You feel very sick.
The green ugly thing bites you but does no damage.
You hit the green ugly thing.
The green ugly thing is moderately wounded.
You feel very sick.
You barely miss the green ugly thing. You headbutt the green ugly thing.
The green ugly thing is moderately wounded.
You feel very sick. The green ugly thing bites you.
* * * LOW HITPOINT WARNING * * *
You closely miss the green ugly thing.
You headbutt the green ugly thing, but do no damage.
The green ugly thing is moderately wounded.
You feel very sick.
The green ugly thing bites you but does no damage.
You sock the green ugly thing!
The green ugly thing is heavily wounded.
You feel sick. The green ugly thing misses you.
You barely miss the green ugly thing.
Your headbutt misses the green ugly thing.
Your punch misses the green ugly thing.
The green ugly thing is heavily wounded.
You feel sick.
The green ugly thing closely misses you.
You hit the green ugly thing.
The green ugly thing is heavily wounded.
You feel sick. The green ugly thing bites you.
* * * LOW HITPOINT WARNING * * *
You hit the green ugly thing. You headbutt the green ugly thing!
You punch the green ugly thing.
The green ugly thing is severely wounded.
You feel sick. The green ugly thing bites you.
* * * LOW HITPOINT WARNING * * *
You are lethally poisoned!
The green ugly thing poisons you!
You barely miss the green ugly thing. You headbutt the green ugly thing!
The green ugly thing is almost dead.
* * * LOW HITPOINT WARNING * * *
You feel extremely sick.
You feel better. The green ugly thing bites you.
* * * LOW HITPOINT WARNING * * *
You are poisoned.
The green ugly thing poisons you!
You closely miss the green ugly thing.
The green ugly thing is almost dead.
* * * LOW HITPOINT WARNING * * *
You feel very sick.
The green ugly thing bites you but does no damage.
You feel better. The green ugly thing barely misses you.
You puncture the green ugly thing!
You kill the green ugly thing!
Okawaru accepts your kill.
Key pressed, stopping explore.
You see here a +0 robe.
You see here a +0 robe.
A vampire comes into view.
A vampire is nearby!
A vampire is nearby!
You closely miss the vampire. The vampire closely misses you.
The vampire misses you.
You hit the vampire but do no damage.
The vampire hits you but does no damage.
The vampire bites you but does no damage.
You thump the vampire!
The vampire is moderately damaged.
The vampire misses you. The vampire barely misses you.
You hit the vampire.
The vampire is moderately damaged.
You hit the vampire but do no damage.
The vampire is moderately damaged.
The vampire hits you but does no damage.
The vampire bites you.
The vampire draws strength from your injuries!
You hit the vampire.
The vampire is heavily damaged.
The vampire closely misses you. x2
You puncture the vampire!
The vampire is almost destroyed.
The vampire draws life force from you.
The vampire is healed by the life force!
You hit the vampire.
The vampire is almost destroyed.
The vampire hits you but does no damage.
The vampire barely misses you.
You hit the vampire but do no damage.
You headbutt the vampire, but do no damage.
The vampire is almost destroyed.
The vampire closely misses you. The vampire bites you.
The vampire draws strength from your injuries!
You sock the vampire!
You destroy the vampire!
Okawaru accepts your kill.
Training target 10.0 for Invocations reached!
Your Invocations skill increases to level 10!
No target in view!
No target in view!
No target in view!
You now have 829 gold pieces (gained 9).
You see here a +0 robe.
Found a stone staircase leading down and a stone staircase leading up.
There is a stone staircase leading down here.
There is a stone staircase leading up here.
You now have 852 gold pieces (gained 23).
There is a stone staircase leading up here.
There is a stone staircase leading down here.
You see here a +0 giant club.
Things that are here:
a +0 robe; a +0 dagger Key pressed, stopping explore.
An orc wizard comes into view. It is wielding a +0 dagger.
The orc wizard shouts!
You hear a shout! x3
An orc wizard comes into view. It is wielding a +0 dagger.
The orc wizard moves out of view.
An orc comes into view. It is wielding a +0 dagger.
The orc shouts!
There are monsters nearby!
An orc wizard and an orc come into view.
The orc wizard shouts!
The orc shouts!
You hear a shout! x2
An orc warrior comes into view. It is wielding a +0 mace.
An orc and an orc warrior come into view.
The orc is wielding a +0 hand axe and wearing a +2 leather armour of cold resistance.
The orc shouts!
You hear a shout!
An orc and an orc wizard come into view.
Found a hand axe.
The orc shouts!
The orc wizard shouts!
The orc wizard moves out of view.
You closely miss the orc wizard. Your headbutt misses the orc wizard.
The orc wizard closely misses you.
An orc priest comes into view. It is wielding a +2 halberd of venom.
The orc wizard gestures wildly while chanting.
The orc wizard flickers and vanishes!
Deactivating autopickup; reactivate with Ctrl-A.
You closely miss the orc wizard.
An orc priest comes into view. It is wielding a +0 short sword.
The orc wizard hits you but does no damage.
Something hits you but does no damage.
An orc comes into view. It is wielding a +0 club.
You barely miss the orc wizard.
The orc priest shouts!
The orc wizard casts a spell at you.
The magic dart hits you but does no damage.
The orc priest mumbles some strange prayers to Beogh against you.
Beogh smites you! Something hits you but does no damage.
You hear a shout!
You completely miss the orc wizard. You headbutt the orc wizard.
The orc wizard is heavily wounded.
An orc warrior comes into view. It is wielding a +0 glaive.
The orc wizard hits you but does no damage.
The orc priest calls down the wrath of Beogh upon you.
Beogh smites you! Something hits you.
The orc warrior unwields a +0 mace.
The orc warrior wields a +0 arbalest.
The orc warrior shoots a bolt.
The bolt barely misses you.
An orc wizard comes into view. It is wielding a +0 dagger.
The orc wizard shouts!
You sock the orc wizard!
You kill the orc wizard!
Okawaru accepts your kill.
The orc priest mumbles some strange prayers to Beogh against you.
Beogh smites you!
You hear some strange, mumbled words.
A puff of flame appears from out of thin air!
The puff of flame hits you but does no damage.
The orc warrior shoots a bolt.
The bolt hits you!
An orc warrior comes into view. It is wielding a +0 hand axe.
You are too injured to fight recklessly!
You are too injured to fight recklessly!
You are too injured to fight recklessly!
You are too injured to fight recklessly!
Something hits you but does no damage. The orc attacks as you move away!
The orc barely misses you.
You hear some strange, mumbled words.
A puff of flame appears from out of thin air!
The puff of flame hits you. You resist.
* * * LOW HITPOINT WARNING * * *
The orc wizard gestures wildly while chanting.
The orc wizard flickers and vanishes!
The orc warrior shoots a bolt.
Reactivating autopickup.
The orc warrior moves out of view.
The orc attacks as you move away! The orc barely misses you.
You sock the orc!
You kill the orc!
The orc closely misses you.
You see here a +0 short sword.
You gain the combat prowess of a mighty hero.
The orc barely misses you.
The orc wizard casts a spell.
The orc wizard flickers and vanishes!
Deactivating autopickup; reactivate with Ctrl-A.
The orc attacks as you move away! The orc hits you but does no damage.
The orc attacks as you move away! The orc barely misses you.
You closely miss the orc. Your headbutt misses the orc.
Your punch misses the orc. You hit the orc.
The orc is heavily wounded.
The orc misses you.
You impale the orc!!
You kill the orc!
The orc warrior unwields a +0 arbalest.
The orc warrior wields a +0 mace.
The orc warrior misses you.
An orc wizard comes into view. It is wielding a +0 dagger of venom.
Things that are here:
a +0 hand axe; a +2 leather armour of cold resistance You hit the orc warrior but do no damage.
The orc warrior hits you but does no damage.
You hit the orc warrior but do no damage.
The orc wizard casts a spell.
The orc wizard flickers and vanishes!
The orc warrior hits you but does no damage.
You puncture the orc warrior!
The orc warrior is heavily wounded.
You hit the orc warrior but do no damage.
Your headbutt misses the orc warrior.
The orc warrior is heavily wounded.
The orc warrior hits you but does no damage.
You closely miss the orc warrior.
The orc warrior is heavily wounded.
The orc warrior misses you.
You hit the orc warrior.
The orc warrior is severely wounded.
You hit the orc warrior but do no damage.
Your headbutt misses the orc warrior.
The orc warrior is severely wounded.
The orc warrior hits you with a +0 mace.
* * * LOW HITPOINT WARNING * * *
The orc priest calls down the wrath of Beogh upon you.
Beogh smites you!
* * * LOW HITPOINT WARNING * * *
You hear a shout!
You closely miss the orc warrior.
The orc warrior is severely wounded.
The orc warrior hits you but does no damage.
You barely miss the orc warrior.
The orc warrior is severely wounded.
The orc warrior hits you from afar with a +0 glaive!
* * * LOW HITPOINT WARNING * * *
The orc priest mumbles some strange prayers to Beogh against you.
Beogh smites you!
* * * LOW HITPOINT WARNING * * *
The orc warrior hits you but does no damage.
You closely miss the orc warrior.
The orc warrior is heavily wounded.
The orc warrior misses you.
Aiming: Corrosive Bolt
Press: ? - help, Shift-Dir - straight line, f - orc priest
Aim: an orc priest, wielding a +2 halberd of venom and wearing a +0 leather armour (74% to hit)
The bolt of acid hits the orc warrior!
The acid corrodes the orc warrior!
The orc warrior is almost dead.
The bolt of acid hits the orc warrior!
The orc warrior is heavily wounded.
The bolt of acid hits something!
The acid corrodes something!
Okawaru accepts your kill.
Reactivating autopickup.
You feel a bit more experienced.
The bolt of acid hits the orc wizard!!
The acid corrodes the orc wizard!
You kill the orc wizard!
Okawaru accepts your kill.
The bolt of acid hits the orc priest!!
You kill the orc priest!
Okawaru accepts your kill.
The orc warrior hits you with a +0 mace.
* * * LOW HITPOINT WARNING * * *
The orc warrior hits you but does no damage.
Aiming: Corrosive Bolt
Press: ? - help, Shift-Dir - straight line, f - orc warrior
Aim: an orc warrior, wielding a +0 mace and wearing a +0 chain mail (almost dead, covered in acid, 71% to hit)
The bolt of acid hits the orc warrior!!
The orc warrior seems to be corroded for longer.
You kill the orc warrior!
Okawaru accepts your kill.
The bolt of acid misses the orc warrior.
The orc warrior completely misses you.
Aiming: Corrosive Bolt
Press: ? - help, Shift-Dir - straight line, f - orc warrior
Aim: an orc warrior, wielding a +0 hand axe and wearing a +0 chain mail (71% to hit)
The bolt of acid hits the orc warrior!!
The acid corrodes the orc warrior!
You kill the orc warrior!
Okawaru accepts your kill.
The bolt of acid hits the orc!!
The acid corrodes the orc!
You kill the orc!
The bolt of acid misses the orc warrior.
As you read the scroll of teleportation, it crumbles to dust.
You feel strangely unstable.
Your surroundings suddenly seem different.
You start resting.
You feel like a meek peon again.
You start resting.
HP restored.
The orc priest shouts!
The orc priest mumbles some strange prayers to Beogh against you.
Beogh smites you!
An orc priest is nearby!
An orc priest is nearby!
An orc priest is nearby!
An orc priest is nearby!
You hit the orc priest but do no damage.
The orc priest calls down the wrath of Beogh upon you.
Beogh smites you!
You hit the orc priest.
The orc priest is moderately wounded.
You puncture the orc priest!
The orc priest is almost dead.
The orc priest hits you but does no damage.
You thump the orc priest!
You kill the orc priest!
Okawaru accepts your kill.
No target in view!
No target in view!
No target in view!
No target in view!
No target in view!
Things that are here:
a +0 robe; a +0 dagger Key pressed, stopping explore.
Items here: )) [[ ÷.
Things that are here:
a +2 halberd of venom; a +0 leather armour; an orc skeleton
Found a dagger.
An orc warrior is nearby!
The orc warrior shouts!
You hit the orc warrior but do no damage.
Your headbutt misses the orc warrior. The orc warrior completely misses you.
You hit the orc warrior.
You headbutt the orc warrior, but do no damage.
The orc warrior is moderately wounded.
The orc warrior hits you but does no damage.
You closely miss the orc warrior. You headbutt the orc warrior.
The orc warrior is moderately wounded.
The orc warrior hits you but does no damage.
The orc wizard shouts!
You puncture the orc warrior!
The orc warrior is severely wounded.
The orc warrior closely misses you.
You thump the orc warrior!
You kill the orc warrior!
Okawaru accepts your kill.
The orc wizard casts a spell.
The orc wizard flickers and vanishes!
Deactivating autopickup; reactivate with Ctrl-A.
Things that are here:
a +0 hand axe; a +0 chain mail; 10 gold pieces No target in view!
No target in view!
No target in view!
There is a strange disturbance nearby!
There is a strange disturbance nearby!
There is a strange disturbance nearby!
There is a strange disturbance nearby!
No target in view!
No target in view!
Found a staircase to the Orcish Mines.
You closely miss something. Something hits you but does no damage.
You are poisoned.
You puncture something! Okawaru accepts your kill.
Reactivating autopickup.
You feel a bit more experienced.
You feel sick.
You feel sick.
Things that are here:
a +0 dagger of venom; a +0 robe You feel sick.
You feel sick.
You feel sick.
You feel sick.
You are no longer poisoned.
You now have 862 gold pieces (gained 10).
Things that are here:
a +0 hand axe; a +0 chain mail
Things that are here:
a +0 dagger of venom; a +0 robe
There is an open door here.
Things that are here:
a +0 dagger; a +0 robe
Items here: )) [[ ÷.
Things that are here:
a +0 glaive; a +0 plate armour
Items here: ))) [.
Things that are here:
a +0 hand axe; a +2 leather armour of cold resistance Key pressed, stopping explore.
Things that are here:
a +0 hand axe; a +2 leather armour of cold resistance
Items here: ))) [.
Things that are here:
a +0 glaive; a +0 plate armour
Items here: )) [[.
Things that are here:
a +0 dagger; a +0 robe
Things that are here:
a +2 halberd of venom; a +0 leather armour
Items here: )) [[.
Things that are here:
a +0 glaive; a +0 plate armour
Items here: ))) [.
Things that are here:
a +0 hand axe; a +2 leather armour of cold resistance A troll comes into view.
The troll shouts!
A troll is nearby!
The troll barely misses you. The troll claws you but does no damage.
The troll closely misses you.
You closely miss the troll. The troll bites you.
The troll claws you but does no damage. The troll claws you.
You impale the troll!!
The troll is heavily wounded.
The troll bites you! The troll claws you!
The troll claws you but does no damage.
You sock the troll!
The troll is almost dead.
The troll bites you. The troll claws you.
The troll claws you but does no damage.
You hit the troll.
The troll is almost dead.
You hit the troll.
You kill the troll!
Okawaru accepts your kill.
The troll leather armour is intact enough to wear.
No target in view!
No target in view!
No target in view!
No target in view!
No target in view!
Things that are here:
a +0 troll leather armour; a troll corpse The orc shouts!
There are monsters nearby!
There are monsters nearby!
There are monsters nearby!
The orc warrior shouts!
The orc warrior throws a stone.
The stone hits you but does no damage. The orc barely misses you.
You impale the orc!!
You kill the orc!
Okawaru accepts your kill.
You puncture the orc warrior! You headbutt the orc warrior.
The orc warrior is heavily wounded.
The orc warrior hits you with a +0 mace.
You impale the orc warrior!!
You kill the orc warrior!
Okawaru accepts your kill.
No target in view!
No target in view!
No target in view!
No target in view!
No target in view!
No target in view!
No target in view!
No target in view!
No target in view!
No target in view!
No target in view!
No target in view!
No target in view!
No target in view!
No target in view!
No target in view!
You now have 880 gold pieces (gained 18).
Items here: ( )) [ ††.
Found a +0 club.
Done exploring.
Done exploring.
Done exploring.
Done exploring.
Done exploring.
(D) Dungeon (T) Temple (L) Lair (O) Orcish Mines
Where to? (Enter - D:12, ? - help)
The orc shouts!
A gargoyle comes into view. It is wielding a +1 vorpal morningstar.
The orc hits you but does no damage.
You hit the gargoyle but do no damage.
You headbutt the gargoyle, but do no damage.
The orc hits you with a +0 hand axe.
The gargoyle hits you with a +1 vorpal morningstar.
You hit the gargoyle.
The gargoyle is moderately damaged.
You hit the gargoyle.
You headbutt the gargoyle, but do no damage.
The gargoyle is moderately damaged.
The orc barely misses you. The gargoyle barely misses you.
You barely miss the gargoyle.
You headbutt the gargoyle, but do no damage.
The gargoyle is moderately damaged.
The orc barely misses you.
The gargoyle hits you with a +1 vorpal morningstar!
You bludgeon the gargoyle!!
You destroy the gargoyle!
Okawaru accepts your kill. The orc completely misses you.
You sock the orc!
You kill the orc!
Okawaru accepts your kill.
No target in view!
No target in view!
No target in view!
No target in view!
No target in view!
No target in view!
No target in view!
No target in view!
No target in view!
No target in view!
No target in view!
No target in view!
No target in view!
An orc wizard is nearby!
The orc wizard shouts!
Items here: ! $ ) / = ? [ †.
You see here a +1 vorpal morningstar.
The orc wizard hits you but does no damage.
You sock the orc wizard!
You headbutt the orc wizard, but do no damage.
The orc wizard is heavily wounded.
The orc wizard hits you but does no damage.
You hit the orc wizard.
The orc wizard is almost dead.
You barely miss the orc wizard.
The orc wizard is almost dead.
The orc wizard gestures at you while chanting.
You easily resist.
You puncture the orc wizard!
You kill the orc wizard!
Okawaru accepts your kill.
No target in view!
No target in view!
No target in view!
No target in view!
No target in view!
No target in view!
No target in view!
z - a wand of polymorph (4);
C - a ring of protection from cold
D - a potion of curing;
k - 3 scrolls of identify (gained 1)
You now have 891 gold pieces (gained 11).
Things that are here:
a +0 hand axe; a +0 leather armour; an orc corpse Done exploring.
Done exploring.
Done exploring.
Done exploring.
Done exploring.
Done exploring.
Unknown command.
(D) Dungeon (T) Temple (L) Lair (O) Orcish Mines
Where to? (Enter - D:13, ? - help)
There is a stone staircase leading down here.
You climb downwards.
There is a stone staircase leading up here.
A meliai comes into view.
The meliai buzzes angrily.
A meliai is nearby!
A cyan ugly thing comes into view.
The meliai hits you. The meliai stings you.
You are poisoned.
The meliai poisons you! The meliai hits you. The meliai closely misses you.
You barely miss the meliai. Your headbutt misses the meliai.
You feel very sick. The meliai hits you.
The meliai stings you but does no damage.
The meliai hits you.
The meliai stings you but does no damage.
You miss the meliai.
You feel very sick. The meliai hits you!
The meliai stings you but does no damage.
You closely miss the meliai.
You feel sick. The meliai hits you but does no damage.
The meliai barely misses you. The meliai hits you!
The meliai stings you but does no damage.
You are too injured to fight recklessly!
You are too injured to fight recklessly!
You are too injured to fight recklessly!
You are too injured to fight recklessly!
You are too injured to fight recklessly!
You are too injured to fight recklessly!
You are too injured to fight recklessly!
You barely miss the meliai.
You feel sick. The meliai hits you but does no damage.
The meliai barely misses you. The meliai closely misses you. x2
You barely miss the meliai.
You feel sick. The meliai hits you.
The meliai stings you but does no damage.
You barely miss the meliai.
You feel sick. The meliai hits you but does no damage.
The meliai stings you but does no damage.
The meliai hits you but does no damage.
The meliai stings you but does no damage.
You feel sick. The meliai hits you.
* * * LOW HITPOINT WARNING * * *
The meliai stings you but does no damage.
The meliai attacks as you move away! The meliai hits you.
* * * LOW HITPOINT WARNING * * *
The meliai stings you but does no damage.
You feel sick. The meliai hits you.
* * * LOW HITPOINT WARNING * * *
The meliai stings you but does no damage.
You feel sick. The meliai closely misses you.
The meliai stings you but does no damage.
The meliai attacks as you move away! The meliai barely misses you.
The meliai stings you but does no damage.
You feel sick. The meliai hits you.
* * * LOW HITPOINT WARNING * * *
The meliai barely misses you.
You feel sick.
You are no longer poisoned.
The meliai hits you but does no damage.
The meliai stings you but does no damage.
There is a stone staircase leading up here.
The meliai closely misses you. The meliai barely misses you.
The meliai hits you but does no damage.
The meliai stings you but does no damage.
You climb upwards.
There is a stone staircase leading down here.
You sock the meliai! Your headbutt misses the meliai.
The meliai is severely wounded.
The meliai barely misses you.
The meliai stings you but does no damage.
The meliai hits you but does no damage. The meliai closely misses you.
You barely miss the meliai. Your headbutt misses the meliai.
The meliai is severely wounded.
The meliai hits you.
* * * LOW HITPOINT WARNING * * *
The meliai barely misses you.
You puncture the meliai!
You kill the meliai!
Okawaru accepts your kill.
The meliai's shape twists and changes as it dies.
You start resting.
HP restored.
There is a stone staircase leading down here.
You climb downwards.
There is a stone staircase leading up here.
A cyan ugly thing is nearby!
A cyan ugly thing is nearby!
You sock the cyan ugly thing!
The cyan ugly thing is moderately wounded.
The cyan ugly thing headbutts you but does no damage.
You hit the cyan ugly thing but do no damage.
The cyan ugly thing is moderately wounded.
The cyan ugly thing headbutts you. The cyan ugly thing shocks you!
You puncture the cyan ugly thing!
Your headbutt misses the cyan ugly thing.
The cyan ugly thing is moderately wounded.
You closely miss the cyan ugly thing. You headbutt the cyan ugly thing!
The cyan ugly thing is heavily wounded.
The cyan ugly thing closely misses you.
You hit the cyan ugly thing but do no damage.
The cyan ugly thing is heavily wounded.
The cyan ugly thing headbutts you! The cyan ugly thing shocks you!
You are too injured to fight recklessly!
You are too injured to fight recklessly!
You are too injured to fight recklessly!
You are too injured to fight recklessly!
You are too injured to fight recklessly!
You are too injured to fight recklessly!
You are too injured to fight recklessly!
You are too injured to fight recklessly!
You are too injured to fight recklessly!
You are too injured to fight recklessly!
You are too injured to fight recklessly!
You are too injured to fight recklessly!
You are too injured to fight recklessly!
You puncture the cyan ugly thing!
Your headbutt misses the cyan ugly thing.
The cyan ugly thing is severely wounded.
The cyan ugly thing headbutts you but does no damage.
You barely miss the cyan ugly thing.
The cyan ugly thing is severely wounded.
The cyan ugly thing completely misses you.
You sock the cyan ugly thing!
The cyan ugly thing is almost dead.
The cyan ugly thing headbutts you but does no damage.
You puncture the cyan ugly thing!
You kill the cyan ugly thing!
Okawaru accepts your kill.
HP restored.
You now have 905 gold pieces (gained 14).
Found a scale mail.
Found a trident.
You see here a +0 scale mail.
Found a stone staircase leading down.
Found a stone staircase leading down.
You see here a +0 trident.
Found a plate armour.
Found an escape hatch in the ceiling.
Something hits you but does no damage.
Deactivating autopickup; reactivate with Ctrl-A.
You bludgeon something!! Your headbutt misses something.
Something hits you but does no damage. x2
Something hits you but does no damage.
You swing at nothing.
Something hits you.
You hit something but do no damage. You headbutt something!
Something hits you but does no damage. x2
You bludgeon something!! Okawaru accepts your kill.
Reactivating autopickup.
You feel a bit more experienced.
You swing at nothing.
You swing at nothing.
You swing at nothing.
You swing at nothing.
You swing at nothing.
You swing at nothing.
You swing at nothing.
You swing at nothing.
You swing at nothing.
You swing at nothing.
You swing at nothing.
You swing at nothing.
You swing at nothing.
You swing at nothing.
You swing at nothing.
You swing at nothing.
You swing at nothing.
You swing at nothing.
You swing at nothing.
There is an escape hatch in the ceiling here.
A vampire mosquito comes into view.
Found 16 gold pieces.
The vampire mosquito buzzes angrily.
A vampire mosquito comes into view.
The vampire mosquito moves out of view.
A vampire mosquito is nearby!
A vampire mosquito is nearby!
A vampire mosquito is nearby!
You miss the vampire mosquito. You headbutt the vampire mosquito!
The vampire mosquito is moderately damaged.
The vampire mosquito bites you but does no damage. x2
You hit the vampire mosquito. You headbutt the vampire mosquito.
The vampire mosquito is heavily damaged.
The vampire mosquito bites you.
The vampire mosquito draws strength from your injuries!
You puncture the vampire mosquito! You headbutt the vampire mosquito.
You destroy the vampire mosquito!
Okawaru accepts your kill.
No target in view!
No target in view!
No target in view!
No target in view!
No target in view!
No target in view!
No target in view!
A vampire mosquito is nearby!
You puncture the vampire mosquito!
Your headbutt misses the vampire mosquito.
The vampire mosquito is heavily damaged.
The vampire mosquito bites you.
The vampire mosquito draws strength from your injuries!
You hit the vampire mosquito.
Your headbutt misses the vampire mosquito.
The vampire mosquito is heavily damaged.
The vampire mosquito bites you but does no damage.
The vampire mosquito bites you!
The vampire mosquito draws strength from your injuries!
You sock the vampire mosquito!
The vampire mosquito is severely damaged.
The vampire mosquito barely misses you. x2
You miss the vampire mosquito.
Your headbutt misses the vampire mosquito.
The vampire mosquito is severely damaged.
The vampire mosquito closely misses you.
You bludgeon the vampire mosquito!!
You destroy the vampire mosquito!
Okawaru accepts your kill.
No target in view!
No target in view!
No target in view!
No target in view!
M - 2 pink potions (gained 1)
You now have enough gold to buy the amulet of the Four Winds {rN+ Will+++ Clar} on D:11.
You can access your shopping list by pressing '$'.
You now have 921 gold pieces (gained 16).
A slime creature comes into view.
The slime creature quivers.
A slime creature is nearby!
A slime creature comes into view.
The slime creature quivers.
The slime creature hits you but does no damage.
The slime creature hits you but does no damage.
The slime creature hits you.
You puncture the slime creature!
The slime creature is moderately wounded.
The slime creature barely misses you.
The slime creature hits you but does no damage.
You puncture the slime creature!
The slime creature is moderately wounded.
The slime creature closely misses you. The slime creature hits you!
You hit the slime creature.
The slime creature is moderately wounded.
The slime creature hits you. The slime creature hits you!
You are too injured to fight recklessly!
You are too injured to fight recklessly!
You are too injured to fight recklessly!
You are too injured to fight recklessly!
You are too injured to fight recklessly!
You are too injured to fight recklessly!
You are too injured to fight recklessly!
You are too injured to fight recklessly!
You are too injured to fight recklessly!
You are too injured to fight recklessly!
You are too injured to fight recklessly!
You are too injured to fight recklessly!
You are too injured to fight recklessly!
You are too injured to fight recklessly!
You are too injured to fight recklessly!
You are too injured to fight recklessly!
You are too injured to fight recklessly!
You are too injured to fight recklessly!
You thump the slime creature!
The slime creature is severely wounded.
The slime creature hits you. The slime creature barely misses you.
You bludgeon the slime creature!!
You punch the slime creature, but do no damage.
The slime creature is almost dead.
You bludgeon the slime creature!!
You kill the slime creature!
Okawaru accepts your kill. The slime creature hits you!
* * * LOW HITPOINT WARNING * * *
You hit the slime creature.
The slime creature is lightly wounded.
The slime creature closely misses you.
You puncture the slime creature!
The slime creature is moderately wounded.
The slime creature barely misses you.
You puncture the slime creature! You headbutt the slime creature.
The slime creature is severely wounded.
The slime creature misses you.
You sock the slime creature!
Your headbutt misses the slime creature.
The slime creature is almost dead.
The slime creature misses you.
You impale the slime creature!!
You kill the slime creature!
Okawaru accepts your kill.
You start resting.
HP restored.
Search for what [Enter for "curing", or ? for help]? armor
There is an escape hatch in the ceiling here.
There is a stone staircase leading up here.
You climb upwards.
There is a stone staircase leading down here.
Things that are here:
a +0 robe; a +0 dagger
Things that are here:
a +0 plate armour; a +0 glaive
Items here: ))) [.
Things that are here:
a +2 leather armour of cold resistance; a +0 hand axe Done exploring.
Done exploring.
Done exploring.
(D) Dungeon (T) Temple (L) Lair (O) Orcish Mines
Where to? (Enter - D:12 @ (x,y), ? - help)
Items here: ))) [.
Things that are here:
a +0 plate armour; a +0 glaive
There is a stone staircase leading up here.
Things that are here:
a +0 chain mail; a +0 short sword
There is a stone staircase leading down here.
You climb downwards.
There is a stone staircase leading up here.
Found 5 stones.
You see here 5 stones.
Erolcha and a centaur come into view.
Erolcha is wielding a +0 giant club and carrying a wand of digging (8).
Erolcha shouts!
The centaur shouts!
The centaur wields a +0 shortbow.
The centaur shoots an arrow.
The arrow barely misses you.
Erolcha zaps a wand.
Some rock shatters into small pieces.
A centaur comes into view.
The centaur shoots an arrow.
The arrow hits you!
There are monsters nearby!
The centaur shoots an arrow.
The arrow hits you.
The centaur shoots an arrow.
The arrow hits you.
The centaur shoots an arrow.
The arrow hits you!
The centaur shoots an arrow.
The arrow hits you!
The centaur shoots an arrow.
The arrow barely misses you.
The centaur shoots an arrow.
The arrow hits you but does no damage.
You hear a zap.
You hear a grinding noise.
The centaur shoots an arrow.
The arrow hits you.
The centaur shoots an arrow.
The arrow hits you.
The centaur shoots an arrow.
The arrow closely misses you.
The centaur shoots an arrow.
The arrow hits you.
You hear a zap.
You hear a grinding noise.
You hear a zap.
You hear a grinding noise.
The centaur shoots an arrow.
The arrow hits you.
The centaur shoots an arrow.
The arrow closely misses you.
There is a stone staircase leading up here.
The centaur shoots an arrow.
The arrow hits you.
You climb upwards.
There is a stone staircase leading down here.
HP restored.
Done exploring.
Done exploring.
Done exploring.
(D) Dungeon (T) Temple (L) Lair (O) Orcish Mines
Where to? (Enter - D:13, ? - help)
What level of the Lair of Beasts? (default 1, ? - help)
Things that are here:
a +0 robe; a +0 dagger
There is a stone staircase leading up here.
You climb upwards.
There is a stone staircase leading down here.
There is a stone staircase leading up here.
You climb upwards.
There is a stone staircase leading down here.
There is a stone staircase leading up here.
You climb upwards.
There is a stone staircase leading down here.
You see here a +0 spear.
There is an open door here.
You open the door.
There is an open door here.
Things that are here:
a +0 robe; a +0 club
There is a staircase to the Lair here.
You climb downwards.
Welcome to the Lair of Beasts!
You hear a distant snort.
Hark!
There is a gateway to a gauntlet on this level.
Find the entrance quickly before the gate is sealed!
Marking area around an oklob plant as unsafe for travelling.
Found a stone staircase leading down.
There is a staircase back to the Dungeon here.
Unknown command.
Okay, then.
A black mamba comes into view.
The black mamba hisses angrily.
You swing at nothing.
You impale the black mamba!! You headbutt the black mamba.
The black mamba is heavily wounded.
The black mamba bites you!
You miss the black mamba.
The black mamba is heavily wounded.
The black mamba bites you.
You are poisoned.
The black mamba poisons you! The black mamba bites you!
You are more poisoned.
The black mamba poisons you!
You hit the black mamba. Your headbutt misses the black mamba.
The black mamba is heavily wounded.
You feel very sick. The black mamba bites you.
You closely miss the black mamba.
The black mamba is heavily wounded.
You feel very sick. The black mamba closely misses you.
The black mamba barely misses you.
You hit the black mamba.
The black mamba is severely wounded.
You feel very sick. The black mamba bites you!
* * * LOW HITPOINT WARNING * * *
You are lethally poisoned!
The black mamba poisons you!
You miss the black mamba.
The black mamba is severely wounded.
* * * LOW HITPOINT WARNING * * *
You feel extremely sick.
The black mamba bites you but does no damage. x2
You barely miss the black mamba.
The black mamba is severely wounded.
* * * LOW HITPOINT WARNING * * *
You feel extremely sick. The black mamba bites you.
* * * LOW HITPOINT WARNING * * *
You are more poisoned.
The black mamba poisons you!
You closely miss the black mamba.
The black mamba is severely wounded.
* * * LOW HITPOINT WARNING * * *
You feel extremely sick. The black mamba completely misses you.
The black mamba misses you.
You miss the black mamba. Your headbutt misses the black mamba.
The black mamba is severely wounded.
* * * LOW HITPOINT WARNING * * *
You feel extremely sick. The black mamba bites you.
* * * LOW HITPOINT WARNING * * *
You hit the black mamba.
The black mamba is severely wounded.
You die...

###### P....
.... ... .
.. ... ###
.#
.....#<##.#
.P......S@.#
........####
......>#.
......# #
####.. #..
#..


You could see a black mamba.

Vanquished Creatures
  3 two-headed ogres
  Erica (D:8)
  3 boulder beetles
  Nergalle (D:10)
  Amaemon (D:9)
  Pikel (D:5)
  3 ugly things
  An orange demon (D:10)
  2 gargoyles (D:12)
  2 unseen horrors
  A kobold demonologist (D:12)
  A komodo dragon (D:10)
  A meliai (shapeshifter) (D:12)
  A hornet (D:10)
  A meliai (D:9)
  3 trolls
  2 slime creatures (D:13)
  A centaur simulacrum (D:11)
  3 wraiths
  20 yaks
  2 vampires
  A wyvern (D:9)
  2 steam dragons
  12 vampire mosquitoes
  Menkaure (D:7)
  5 water moccasins
  An acid dragon (D:12)
  Duvessa (D:4)
  6 orc warriors
  2 ice beasts (D:7)
  6 centaurs
  A phantom (D:6)
  Blork the orc (D:4)
  7 bullfrogs
  A kobold brigand (D:4)
  A gnoll sergeant (D:10)
  A necrophage (D:5)
  4 scorpions
  7 wights
  Dowan (D:4)
  13 killer bees
  5 howler monkeys
  An electric eel (D:11)
  3 hounds
  7 orc priests
  2 gnoll boudas
  2 jellies
  Natasha (twice) (D:4)
  An iguana (D:7)
  11 orc wizards
  12 gnolls
  5 adders
  A white imp (D:7)
  3 worms (D:2)
  A dart slug (D:10)
  31 orcs
  7 ball pythons
  9 endoplasms
  2 giant cockroaches
  11 goblins
  5 hobgoblins
  4 jackals (D:1)
  5 kobolds
  6 quokkas
  2 bats (D:1)
  2 frilled lizards (D:1)
  7 rats
275 creatures vanquished.

Vanquished Creatures (collateral kills)
  A kobold brigand (D:7)
  2 scorpions
  A howler monkey (D:7)
  A dart slug (D:4)
  3 orcs (D:7)
  3 kobolds (D:7)
11 creatures vanquished.

Vanquished Creatures (others)
  Natasha (D:4)
  An orc wizard (D:12)
  39 fungi (D:9)
  49 plants (D:9)
90 creatures vanquished.

Grand Total: 376 creatures vanquished

Notes
Turn   | Place    | Note
-------+----------+-------------------------------------------
     0 | D:1      | sleeves the Demonspawn Artificer began the quest for the
                  | Orb.
     0 | D:1      | Reached XP level 1. HP: 15/15 MP: 1/1
    34 | D:1      | HP: 6/15 [hobgoblin (3)]
    40 | D:1      | HP: 7/15 [hobgoblin (1)]
    99 | D:1      | Reached skill level 1 in Maces & Flails
   103 | D:1      | HP: 7/15 [frozen (2)]
   152 | D:1      | Gained mutation: You have a pair of small horns on your
                  | head. [demonic ancestry]
   152 | D:1      | Reached XP level 2. HP: 20/21 MP: 2/2
   310 | D:1      | Reached skill level 2 in Maces & Flails
   433 | D:1      | Reached XP level 3. HP: 17/26 MP: 3/3
   552 | D:1      | Found Dauraw's Jewellery Shop.
   978 | D:1      | Reached skill level 3 in Maces & Flails
  1108 | D:2      | Gained mutation: A weak demonic guardian rushes to your
                  | aid. [demonic ancestry]
  1108 | D:2      | Reached XP level 4. HP: 32/32 MP: 4/4
  1697 | D:2      | Reached skill level 4 in Maces & Flails
  1749 | D:2      | Found a runed translucent door.
  1750 | D:2      | Noticed Crazy Yiuf
  2043 | D:3      | Found a blossoming altar of Fedhas.
  2225 | D:3      | Found Duumpoz's Book Emporium.
  2235 | D:3      | Found Taenemu's Antique Weapon Shoppe.
  2409 | D:3      | Found Ivay's Book Emporium.
  2438 | D:3      | Found Kaleuhusm's Assorted Antiques.
  2749 | D:4      | Noticed a scorpion
  2754 | D:4      | Reached XP level 5. HP: 37/37 MP: 5/5
  2759 | D:4      | HP: 17/37 [scorpion (5)]
  2762 | D:4      | HP: 5/37 [poisoned by a scorpion]
  2894 | D:4      | Noticed a black bear
  2904 | D:4      | HP: 13/37 [asphyx]
  3201 | D:4      | Reached skill level 5 in Maces & Flails
  3216 | D:4      | Noticed Natasha
  3228 | D:4      | Killed Natasha
  3230 | D:4      | Noticed Natasha
  3233 | D:4      | Noticed Blork the orc
  3234 | D:4      | HP: 16/37 [Blork the orc/magic dart (6)]
  3243 | D:4      | Your ally Natasha died
  3347 | D:4      | HP: 15/37 [Blork the orc/magic dart (9)]
  3351 | D:4      | Killed Blork the orc
  3352 | D:4      | Gained mutation: Spells you cast may paralyse adjacent
                  | enemies. [demonic ancestry]
  3352 | D:4      | Reached XP level 6. HP: 9/43 MP: 6/6
  3621 | D:4      | Noticed Natasha
  3633 | D:4      | Killed Natasha
  3749 | D:4      | Noticed Dowan
  3760 | D:4      | Noticed Duvessa
  3770 | D:4      | HP: 20/43 [Duvessa/+0 rapier (8)]
  3771 | D:4      | Killed Duvessa
  3772 | D:4      | Reached skill level 6 in Maces & Flails
  3894 | D:4      | HP: 21/43 [Dowan/+0 dagger of speed (1)]
  3895 | D:4      | Killed Dowan
  3896 | D:4      | Reached XP level 7. HP: 22/48 MP: 7/7
  4001 | D:4      | Found Cefeq's Weapon Emporium.
  4023 | D:4      | Reached skill level 7 in Maces & Flails
  4150 | D:5      | Entered Level 5 of the Dungeon
  4223 | D:5      | Noticed Pikel
  4241 | D:5      | HP: 22/48 [Pikel/+0 whip of flaming (6)]
  4248 | D:5      | Killed Pikel
  4249 | D:5      | Reached skill level 8 in Maces & Flails
  4249 | D:5      | Reached XP level 8. HP: 24/54 MP: 8/8
  4476 | D:5      | Reached skill level 9 in Maces & Flails
  4494 | D:5      | Found a shimmering blue altar of Sif Muna.
  4976 | D:5      | Identified the +2 dagger "Killer Klown's Death" {vorpal,
                  | rN+}
  5744 | D:6      | Reached skill level 10 in Maces & Flails
  5865 | D:6      | Found an ornate altar of the Wu Jian Council.
  5947 | D:6      | Reached skill level 2 in Armour
  6324 | D:7      | Gained mutation: A demonic guardian rushes to your aid.
                  | [demonic ancestry]
  6324 | D:7      | Reached XP level 9. HP: 33/61 MP: 9/9
  6325 | D:7      | HP: 29/61 [howler monkey (4)]
  6328 | D:7      | Reached skill level 2 in Fighting
  6348 | D:7      | HP: 30/61 [poisoned by a scorpion]
  6353 | D:7      | HP: 25/61 [poisoned by a scorpion]
  6532 | D:7      | HP: 29/61 [orc/+0 club (2)]
  6543 | D:7      | HP: 17/61 [something (3)]
  6548 | D:7      | HP: 16/61 [something (2)]
  6715 | D:7      | HP: 31/62 [poisoned by a killer bee]
  6719 | D:7      | Reached skill level 3 in Armour
  6720 | D:7      | HP: 19/62 [poisoned by a killer bee]
  6724 | D:7      | HP: 9/62 [kobold brigand/+0 dagger (4)]
  6728 | D:7      | Reached skill level 3 in Fighting
  6926 | D:7      | HP: 26/63 [gnoll/+0 halberd[a gnoll bouda] (10)]
  6936 | D:7      | HP: 21/63 [gnoll/+0 halberd[a gnoll bouda] (8)]
  6963 | D:7      | HP: 23/63 [gnoll/+0 spear[a gnoll bouda] (1)]
  6971 | D:7      | HP: 9/63 [gnoll/+0 spear[a gnoll bouda] (5)]
  7438 | D:7      | HP: 31/63 [vampire (10)]
  7756 | D:7      | Reached skill level 4 in Armour
  7811 | D:7      | Reached skill level 4 in Fighting
  7854 | D:7      | Reached skill level 11 in Maces & Flails
  7884 | D:7      | Found a shadowy altar of Dithmenos.
  8010 | D:7      | Found a staircase to the Ecumenical Temple.
  8027 | D:7      | Noticed Menkaure
  8039 | D:7      | Killed Menkaure
  8051 | Temple   | Entered the Ecumenical Temple
  8369 | Temple   | Became a worshipper of Warmaster Okawaru
  8609 | D:8      | Noticed Erica
  8621 | D:8      | Reached skill level 1 in Invocations
  8627 | D:8      | Killed Erica
  8628 | D:8      | Reached skill level 5 in Fighting
  8628 | D:8      | Reached skill level 2 in Invocations
  8628 | D:8      | Gained mutation: You have a pair of horns on your head.
                  | [demonic ancestry]
  8628 | D:8      | Reached XP level 10. HP: 63/74 MP: 9/11
  8648 | D:8      | HP: 37/74 [something (2)]
  8654 | D:8      | HP: 25/74 [orc/+0 hand axe (2)]
  8945 | D:8      | HP: 36/74 [troll (7)]
  8947 | D:8      | Reached skill level 5 in Armour
  8947 | D:8      | Reached skill level 3 in Invocations
  9292 | D:8      | Found a shimmering altar of Xom.
  9492 | D:8      | HP: 37/74 [poisoned by a killer bee]
  9498 | D:8      | HP: 30/74 [poisoned by a killer bee]
  9503 | D:8      | HP: 26/74 [poisoned by a killer bee]
  9508 | D:8      | HP: 23/74 [poisoned by a killer bee]
 10008 | D:9      | Reached skill level 4 in Invocations
 10022 | D:9      | Reached * piety under Okawaru
 10481 | D:9      | Found a runed translucent door.
 10491 | D:9      | Reached skill level 6 in Fighting
 10675 | D:9      | Reached skill level 5 in Invocations
 10675 | D:9      | Found a staircase to the Lair.
 10713 | D:9      | Reached skill level 6 in Armour
 10851 | D:9      | Reached ** piety under Okawaru
 10930 | D:9      | Noticed a two-headed ogre
 10944 | D:9      | Killed a two-headed ogre
 10945 | D:9      | Reached skill level 6 in Invocations
 11347 | D:9      | Reached skill level 12 in Maces & Flails
 11403 | D:10     | Entered Level 10 of the Dungeon
 11443 | D:10     | Gained mutation: A powerful demonic guardian rushes to your
                  | aid. [demonic ancestry]
 11443 | D:10     | Reached XP level 11. HP: 83/83 MP: 15/15
 11469 | D:10     | Reached *** piety under Okawaru
 11486 | D:10     | Reached skill level 7 in Fighting
 11692 | D:10     | Noticed Amaemon
 11869 | D:9      | Killed Amaemon
 11998 | D:9      | Noticed a purple ugly thing
 12012 | D:9      | Killed a purple ugly thing
 12013 | D:9      | Reached skill level 7 in Invocations
 12277 | D:10     | Noticed Nergalle
 12316 | D:10     | Found a snail-covered altar of Cheibriados.
 12348 | D:10     | HP: 16/74 [Nergalle/bolt of negative energy (38)]
 12353 | D:10     | HP: 14/74 [Nergalle/+4 dagger of draining (3)]
 12359 | D:10     | HP: 8/70 [Nergalle/+4 dagger of draining (2)]
 12360 | D:10     | Killed Nergalle
 12361 | D:10     | Reached skill level 7 in Armour
 12658 | D:10     | Reached **** piety under Okawaru
 12687 | D:10     | HP: 39/85 [yak (12)]
 12977 | D:10     | Found a broken altar of Ashenzari.
 12996 | D:10     | Reached skill level 8 in Invocations
 13397 | D:11     | Found Galeqaru's Jewellery Shop.
 13612 | D:11     | Found Hostougoa's Book Boutique.
 13616 | D:11     | Noticed a boulder beetle
 13623 | D:11     | Killed a boulder beetle
 13623 | D:11     | Reached ***** piety under Okawaru
 13624 | D:11     | Reached skill level 8 in Fighting
 13956 | D:11     | Noticed a boulder beetle
 13969 | D:11     | HP: 38/86 [boulder beetle (7)]
 13972 | D:11     | Found Qacsut's Armour Shoppe.
 13984 | D:11     | Killed a boulder beetle
 14315 | D:11     | Noticed a two-headed ogre
 14322 | D:11     | Killed a two-headed ogre
 14323 | D:11     | Reached skill level 9 in Invocations
 14400 | D:11     | Received a gift from Okawaru
 14401 | D:11     | Reached skill level 8 in Armour
 14401 | D:11     | Gained mutation: Spells you cast may paralyse nearby
                  | enemies. [demonic ancestry]
 14401 | D:11     | Reached XP level 12. HP: 82/94 MP: 18/18
 14559 | D:11     | Found Neteb's General Store.
 14855 | D:11     | Bought a potion of curing for 45 gold pieces
 14998 | D:12     | Noticed a two-headed ogre
 15006 | D:12     | Killed a two-headed ogre
 15304 | D:12     | You fall into a shaft and drop 1 floor!
 15310 | D:13     | Noticed a boulder beetle
 15330 | D:13     | Killed a boulder beetle
 15504 | D:12     | Reached skill level 13 in Maces & Flails
 15568 | D:12     | HP: 46/94 [something (8)]
 15573 | D:12     | Reached skill level 9 in Fighting
 15580 | D:12     | Identified the +4 flail of Awkwardness {vorpal, +Blink
                  | rCorr Int+6}
 15668 | D:12     | HP: 46/95 [poisoned by a green ugly thing]
 15673 | D:12     | HP: 32/95 [poisoned by a green ugly thing]
 15985 | D:12     | Reached skill level 10 in Invocations
 16190 | D:12     | HP: 46/95 [something/puff of flame (5)]
 16208 | D:12     | HP: 45/95 [orc warrior/+0 mace (6)]
 16210 | D:12     | HP: 14/95 [orc priest/divine providence (14)]
 16580 | D:12     | Found a staircase to the Orcish Mines.
 16938 | D:13     | HP: 47/95 [meliai (shapeshifter) (5)]
 16946 | D:12     | HP: 37/95 [meliai (shapeshifter) (5)]
 17452 | D:13     | HP: 48/96 [slime creature (12)]
 17772 | D:13     | Noticed Erolcha
 18004 | Lair:1   | Entered Level 1 of the Lair of Beasts
 18012 | Lair:1   | HP: 47/96 [poisoned by a black mamba]
 18014 | Lair:1   | HP: 19/96 [black mamba (6)]
 18015 | Lair:1   | HP: 9/96 [poisoned by a black mamba]
 18016 | Lair:1   | HP: 2/96 [poisoned by a black mamba]
 18017 | Lair:1   | Succumbed to a black mamba's poison

Illustrated notes

Levels and vault maps discovered:
D:1:      shiori_arrival_maze, layout_rooms, serial_shops, nicolae_shop_trees,
          grunt_decor_mini_mirrors, minivault_25, minmay_fountain_box
D:2:      layout_loops_ring, uniq_crazy_yiuf_cottage
D:3:      layout_loops_ring, general_overflow_altar, serial_shops,
          nicolae_lakefront_shop, nicolae_shop_behind_doors,
          nicolae_shop_crystal, nicolae_shop_crystal
D:4:      layout_rooms, serial_shops, nicolae_shop_bloodbath_and_beyond,
          uniq_duvessa, uniq_blork_the_orc, uniq_natasha
D:5:      layout_loops_ring, nicolae_sif_muna_condensation, uniq_pikel
D:6:      nicolae_BIG_FREAKIN_CUBE, layout_basic, mainiacjoe_overflow_alcove_1,
          grunt_ministairs_13
D:7:      layout_basic, kennysheep_mini, minmay_temple_entry_water_ring,
          uniq_menkaure
D:8:      layout_basic, mainiacjoe_overflow_surrounded_room,
          kennysheep_generic_room_6, uniq_erica
D:9:      layout_roguey, overflow_temple_1_default, due_lair_maze_entry_diamond,
          minivault_13
D:10:     layout_cave_pools, kennysheep_slug_shrine, old_standard_altar,
          grunt_ministairs_3, nicolae_hexahallways, uniq_nergalle, uniq_amaemon
D:11:     layout_basic, serial_shops, shop, nicolae_lakefront_shop,
          shop_fountains, shop_statue, minmay_misc_feat_more_columns
D:12:     kennysheep_spiral_hall, layout_loops_ring, david_orc_4
D:13:     layout_loops_ring, chequers_serial_rivers_micro_c, uniq_erolcha
Temple:   minmay_temple_curvy_branch
Lair:1:   layout_cellular_growth, gauntlet_entry_generic, dpeg_stationary_puzzle

Skill      XL: |  1  2  3  4  5  6  7  8  9 10 11 12 |
---------------+-------------------------------------+-----
Maces & Flails | 1 2 3 4 5 6 8 10 11 12 13 | 13.3
Armour         | 2 4 6 8 |  8.9
Fighting       | 5 6 8 9 |  9.5
Invocations    | 2 6 9 10 | 10.0
Dodging        | |  0.8
Stealth        | |  0.8
Evocations     | |  3.0

Action                   |  1- 3 |  4- 6 |  7- 9 | 10-12 || total
-------------------------+-------+-------+-------+-------++-------
Melee: Club              |    16 |       |       |       ||    16
       Dagger            |    98 |   128 |       |       ||   226
       Headbutt          |     8 |    30 |    61 |   181 ||   280
       Punch             |     1 |       |     6 |    13 ||    20
       Whip              |       |       |   322 |   546 ||   868
       Morningstar       |       |       |       |   193 ||   193
Throw: Dart              |       |     7 |     2 |     8 ||    17
Invok: Heroism           |       |       |       |     2 ||     2
Evoke: Wand              |       |    15 |       |    11 ||    26
  Use: Potion            |       |     2 |     1 |     2 ||     5
       Scroll            |       |       |       |    10 ||    10
 Stab: Sleeping          |     2 |     1 |     2 |       ||     5
Armor: Leather armour    |    26 |    21 |     1 |       ||    48
       Robe              |       |       |    51 |       ||    51
       Scale mail        |       |       |    17 |   249 ||   266
Dodge: Dodged            |    50 |    80 |   108 |   301 ||   539

Table legend: (Time is in decaauts)
 A = Elapsed time spent in this place.
 B = Non-inter-level travel time spent in this place.
 C = Inter-level travel time spent in this place.
 D = Time resting spent in this place.
 E = Time spent auto-exploring this place.
 F = Levels seen in this place.
 G = Mean time per level.
                   A        B        C        D        E       F      G
               +--------+--------+--------+--------+--------+-----+--------+
         Total |  17644 |  16755 |    889 |   1191 |  13046 |  15 | 1176.3 |
       Dungeon |  17293 |  16447 |    846 |   1191 |  12752 |  13 | 1330.2 |
        Temple |    340 |    297 |     43 |      0 |    294 |   1 |  340.0 |
          Lair |     11 |     11 |      0 |      0 |      0 |   1 |   11.0 |
               +--------+--------+--------+--------+--------+-----+--------+

Top non-repeatable levels by time:
    D:12: 2340 daAuts
     D:7: 2004 daAuts
     D:9: 1731 daAuts
    D:10: 1568 daAuts
    D:11: 1523 daAuts
     D:2: 1262 daAuts
     D:8: 1240 daAuts
     D:4: 1238 daAuts
     D:6: 1110 daAuts
     D:3: 935 daAuts
     D:1: 877 daAuts
     D:5: 830 daAuts
    D:13: 630 daAuts
  Temple: 340 daAuts
  Lair:1: 11 daAuts
